PAA
SUN PRAIRIE SWALLOWS @ LANNISTER UNITED LIONHEARTS
07/29/2022
 
TOP OF THE 1ST
Sun Prairie Swallows batting - Pitching for Lannister United Lionhearts : RHP Edward Whipp
Pitching: RHP Edward Whipp
Batting: RHB José Silva 0-0: Called Strike
0-1: Called Strike
0-2: Ground out 5-3 (Groundball, 56)
Batting: RHB Bob Wilson 0-0: Foul Ball, location: 2F
0-1: Foul Ball, location: 2F
0-2: Ground out 4-3 (Groundball, 4M)
Batting: RHB José Carlos Ramos 0-0: Ball
1-0: Ball
2-0: Ball
3-0: Called Strike
3-1: Base on Balls
Batting: SHB Chris Murray 0-0: Ball
1-0: Called Strike
1-1: Ball
2-1: Called Strike
2-2: Ball
3-2: Foul Ball, location: 2F
3-2: Strikes out swinging
Top of the 1st over - 0 run(s), 0 hit(s), 0 error(s), 1 left on base; Sun Prairie 0 - Lannister United 0
BOTTOM OF THE 1ST
Lannister United Lionhearts batting - Pitching for Sun Prairie Swallows : RHP Ernest Gunter
Pitching: RHP Ernest Gunter
Batting: LHB Guy Riley 0-0: Ball
1-0: Ball
2-0: Ball
3-0: Foul Ball, location: 2F
3-1: Base on Balls
Batting: LHB Carl Duncan 0-0: Ball
1-0: Ball
2-0: Called Strike
2-1: 2-RUN HOME RUN (Flyball, 9D), Distance : 356 ft
Batting: LHB Shang-de Zhang 0-0: Ball
1-0: Foul Ball, location: 2F
1-1: Called Strike
1-2: Ground out 5-3 (Groundball, 15S)
Batting: LHB Jorge Garza 0-0: Ball
1-0: Swinging Strike
1-1: Swinging Strike
1-2: Ball
2-2: DOUBLE (Line Drive, 89M)
Batting: RHB Curt Johnston 0-0: Swinging Strike
0-1: Called Strike
0-2: Strikes out looking
Batting: RHB Edgar Carrillo 0-0: Called Strike
0-1: Ball
1-1: Ball
2-1: Ball
3-1: Fly out, F8 (Line Drive, 8LS)
Bottom of the 1st over - 2 run(s), 2 hit(s), 0 error(s), 1 left on base; Sun Prairie 0 - Lannister United 2
TOP OF THE 2ND
Sun Prairie Swallows batting - Pitching for Lannister United Lionhearts : RHP Edward Whipp
Batting: RHB Scott Forrest 0-0: Called Strike
0-1: Called Strike
0-2: Strikes out swinging
Batting: RHB Marcos Rivera 0-0: Called Strike
0-1: SINGLE (Groundball, 56D)
Batting: RHB Reece White 0-0: Called Strike
0-1: Called Strike
0-2: Ball
1-2: Strikes out swinging
Batting: RHB Darby Carveth 0-0: Called Strike
0-1: Ball
Pickoff Throw to First - Out!
Top of the 2nd over - 0 run(s), 1 hit(s), 0 error(s), 0 left on base; Sun Prairie 0 - Lannister United 2
BOTTOM OF THE 2ND
Lannister United Lionhearts batting - Pitching for Sun Prairie Swallows : RHP Ernest Gunter
Batting: LHB Gabriel Córdova 0-0: Swinging Strike
0-1: Ball
1-1: Foul Ball, location: 2F
1-2: Ground out 1-3 (Groundball, 25)
Batting: RHB Pedro Herrera 0-0: Called Strike
0-1: Called Strike
0-2: Ball
1-2: Fly out, F8 (Flyball, 8RM)
Batting: RHB Javier De Jesús 0-0: Called Strike
0-1: Called Strike
0-2: Ball
1-2: Ball
2-2: Strikes out swinging
Bottom of the 2nd over - 0 run(s), 0 hit(s), 0 error(s), 0 left on base; Sun Prairie 0 - Lannister United 2
TOP OF THE 3RD
Sun Prairie Swallows batting - Pitching for Lannister United Lionhearts : RHP Edward Whipp
Batting: RHB Darby Carveth 0-0: Foul Ball, location: 2F
0-1: Ball
1-1: Ball
2-1: Fly out, F3 (Line Drive, 34S)
Batting: RHB Joel Frazier 0-0: Called Strike
0-1: Ball
1-1: Ball
2-1: Ground out 5-3 (Groundball, 56)
Batting: RHB José Silva 0-0: Ball
1-0: Foul Ball, location: 2F
1-1: Swinging Strike
1-2: DOUBLE (Flyball, 7LM)
Batting: RHB Bob Wilson 0-0: Swinging Strike
0-1: Called Strike
0-2: Strikes out swinging
Top of the 3rd over - 0 run(s), 1 hit(s), 0 error(s), 1 left on base; Sun Prairie 0 - Lannister United 2
BOTTOM OF THE 3RD
Lannister United Lionhearts batting - Pitching for Sun Prairie Swallows : RHP Ernest Gunter
Batting: LHB Guy Riley 0-0: Ball
1-0: Ball
2-0: Fly out, F6 (Popup, 5DF)
Batting: LHB Carl Duncan 0-0: Ball
1-0: Called Strike
1-1: Ball
2-1: Ball
3-1: Base on Balls
Batting: LHB Shang-de Zhang 0-0: Called Strike
0-1: Ball
1-1: Foul Ball, location: 2F
1-2: Strikes out swinging
Batting: LHB Jorge Garza 0-0: Foul Ball, location: 2F
0-1: Ball
1-1: Called Strike
1-2: Foul Ball, location: 2F
1-2: Ball
2-2: Ball
3-2: Fly out, F7 (Flyball, 7LM)
Bottom of the 3rd over - 0 run(s), 0 hit(s), 0 error(s), 1 left on base; Sun Prairie 0 - Lannister United 2
TOP OF THE 4TH
Sun Prairie Swallows batting - Pitching for Lannister United Lionhearts : RHP Edward Whipp
Batting: RHB José Carlos Ramos 0-0: Ball
1-0: Ball
2-0: Ball
3-0: Called Strike
3-1: Swinging Strike
3-2: Base on Balls
Batting: SHB Chris Murray 0-0: Called Strike
0-1: Ball
1-1: Ball
2-1: Ball
3-1: Base on Balls
José Carlos Ramos to second
Batting: RHB Scott Forrest 0-0: Ball
1-0: Grounds into double play, 1-6-3 (Groundball, 15)
José Carlos Ramos to third
Batting: RHB Marcos Rivera 0-0: Swinging Strike
0-1: Ground out 5-3 (Groundball, 6S)
Top of the 4th over - 0 run(s), 0 hit(s), 0 error(s), 1 left on base; Sun Prairie 0 - Lannister United 2
BOTTOM OF THE 4TH
Lannister United Lionhearts batting - Pitching for Sun Prairie Swallows : RHP Ernest Gunter
Batting: RHB Curt Johnston 0-0: Called Strike
0-1: Called Strike
0-2: Fly out, F7 (Flyball, 7M)
Batting: RHB Edgar Carrillo 0-0: Called Strike
0-1: Ball
1-1: Ball
2-1: Fly out, F7 (Flyball, 78D)
Batting: LHB Gabriel Córdova 0-0: Ball
1-0: Fly out, F5 (Popup, 25)
Bottom of the 4th over - 0 run(s), 0 hit(s), 0 error(s), 0 left on base; Sun Prairie 0 - Lannister United 2
TOP OF THE 5TH
Sun Prairie Swallows batting - Pitching for Lannister United Lionhearts : RHP Edward Whipp
Batting: RHB Reece White 0-0: Ball
1-0: Foul Ball, location: 2F
1-1: SINGLE (Groundball, 4MD)
Batting: RHB Darby Carveth 0-0: Called Strike
Throwing error on steal attempt, E2
Reece White to third
0-1: Ball
1-1: Fly out, F8 (Flyball, 8LS)
Batting: RHB Joel Frazier 0-0: Ball
1-0: Called Strike
1-1: Ball
2-1: Foul Ball, location: 2F
2-2: Foul Ball, location: 2F
2-2: Ball
3-2: Strikes out swinging
Batting: RHB José Silva 0-0: Ground out 6-3 (Groundball, 6M)
Top of the 5th over - 0 run(s), 1 hit(s), 1 error(s), 1 left on base; Sun Prairie 0 - Lannister United 2
BOTTOM OF THE 5TH
Lannister United Lionhearts batting - Pitching for Sun Prairie Swallows : RHP Ernest Gunter
Batting: RHB Pedro Herrera 0-0: Ball
1-0: Ball
2-0: Ball
3-0: Called Strike
3-1: Foul Ball, location: 2F
3-2: Base on Balls
Batting: RHB Javier De Jesús 0-0: Sac Bunt - play at first, batter OUT! 3-4
Pedro Herrera to second
Batting: LHB Guy Riley 0-0: Called Strike
0-1: Ball
1-1: Ground out 5-3 (Groundball, 5L)
Batting: LHB Carl Duncan 0-0: Ball
1-0: Ground out 3-1 (Groundball, 34S)
Bottom of the 5th over - 0 run(s), 0 hit(s), 0 error(s), 1 left on base; Sun Prairie 0 - Lannister United 2
TOP OF THE 6TH
Sun Prairie Swallows batting - Pitching for Lannister United Lionhearts : RHP Edward Whipp
Batting: RHB Bob Wilson 0-0: Called Strike
0-1: Swinging Strike
0-2: Ball
1-2: Strikes out swinging
Batting: RHB José Carlos Ramos 0-0: Ball
1-0: Swinging Strike
1-1: Ball
2-1: Foul Ball, location: 2F
2-2: Ground out 5-3 (Groundball, 5S)
Batting: SHB Chris Murray 0-0: Ball
1-0: Called Strike
1-1: Foul Ball, location: 2F
1-2: Strikes out looking
Top of the 6th over - 0 run(s), 0 hit(s), 0 error(s), 0 left on base; Sun Prairie 0 - Lannister United 2
BOTTOM OF THE 6TH
Lannister United Lionhearts batting - Pitching for Sun Prairie Swallows : RHP Ernest Gunter
Batting: LHB Shang-de Zhang 0-0: Ball
1-0: SINGLE (Line Drive, 4MD)
Batting: LHB Jorge Garza 0-0: Ball
1-0: Foul Ball, location: 2F
1-1: Fly out, F9 (Flyball, 9M)
Batting: RHB Curt Johnston 0-0: Ball
1-0: Ball
2-0: Swinging Strike
2-1: Ball
3-1: Foul Ball, location: 2F
3-2: Base on Balls
Shang-de Zhang to second
Batting: RHB Edgar Carrillo 0-0: Ball
1-0: Called Strike
1-1: Grounds into double play, 5-4-3 (Groundball, 56)
Bottom of the 6th over - 0 run(s), 1 hit(s), 0 error(s), 1 left on base; Sun Prairie 0 - Lannister United 2
TOP OF THE 7TH
Sun Prairie Swallows batting - Pitching for Lannister United Lionhearts : RHP Edward Whipp
Batting: RHB Scott Forrest 0-0: Ground out 6-3 (Groundball, 6S)
Batting: RHB Marcos Rivera 0-0: Ground out 4-3 (Groundball, 4)
Batting: RHB Reece White 0-0: Ground out 6-3 (Groundball, 6M)
Top of the 7th over - 0 run(s), 0 hit(s), 0 error(s), 0 left on base; Sun Prairie 0 - Lannister United 2
BOTTOM OF THE 7TH
Lannister United Lionhearts batting - Pitching for Sun Prairie Swallows : RHP Ernest Gunter
Batting: LHB Gabriel Córdova 0-0: Fly out, F8 (Line Drive, 8LM)
Batting: RHB Pedro Herrera 0-0: SINGLE (Flyball, 3D)
Pitching: RHP Emory Bryant
Batting: RHB Javier De Jesús 0-0: Called Strike
0-1: Ball
1-1: Foul Ball, location: 2F
1-2: Ball
2-2: Fielders Choice at 2nd, 1-6 (Groundball, 23)
Batting: LHB Guy Riley 0-0: SINGLE (Groundball, 5L)
Javier De Jesús to second
Runner from 2nd tries for 3rd, SAFE, no throw or cutoff
Batting: LHB Carl Duncan 0-0: Swinging Strike
0-1: Ball
1-1: Foul Ball, location: 2F
1-2: DOUBLE (Groundball, 3D)
Javier De Jesús scores
Guy Riley to third
Runner from 3rd tries for Home, throw and OUT!
Bottom of the 7th over - 1 run(s), 3 hit(s), 0 error(s), 1 left on base; Sun Prairie 0 - Lannister United 3
TOP OF THE 8TH
Sun Prairie Swallows batting - Pitching for Lannister United Lionhearts : RHP Edward Whipp
Batting: RHB Darby Carveth 0-0: Fly out, F8 (Popup, 6D)
Pitching: RHP Bo Tubbs
Batting: RHB Joel Frazier 0-0: Ball
1-0: Called Strike
1-1: Fly out, F9 (Flyball, 89M)
Batting: RHB José Silva 0-0: Ball
1-0: Called Strike
1-1: SINGLE (Line Drive, 9S)
Batting: RHB Bob Wilson 0-0: Ground out 5-3 (Groundball, 56)
Top of the 8th over - 0 run(s), 1 hit(s), 0 error(s), 1 left on base; Sun Prairie 0 - Lannister United 3
BOTTOM OF THE 8TH
Lannister United Lionhearts batting - Pitching for Sun Prairie Swallows : RHP Emory Bryant
Batting: LHB Shang-de Zhang 0-0: Ball
1-0: SINGLE (Groundball, 34D)
Batting: LHB Jorge Garza 0-0: Called Strike
0-1: Called Strike
0-2: Ball
1-2: Ball
2-2: Foul Ball, location: 2F
2-2: Grounds into double play, 4-6-3 (Groundball, 4)
Batting: RHB Curt Johnston 0-0: Called Strike
0-1: Called Strike
0-2: Strikes out swinging
Bottom of the 8th over - 0 run(s), 1 hit(s), 0 error(s), 0 left on base; Sun Prairie 0 - Lannister United 3
TOP OF THE 9TH
Sun Prairie Swallows batting - Pitching for Lannister United Lionhearts : RHP Bo Tubbs
Pitching: LHP Manuel Franco
Batting: RHB José Carlos Ramos 0-0: Called Strike
0-1: Swinging Strike
0-2: Ground out 5-3 (Groundball, 5)
Batting: SHB Chris Murray 0-0: Called Strike
0-1: Swinging Strike
0-2: Ball
1-2: Strikes out swinging
Batting: RHB Scott Forrest 0-0: Swinging Strike
0-1: Swinging Strike
0-2: Foul Ball, location: 2F
0-2: Strikes out swinging
Top of the 9th over - 0 run(s), 0 hit(s), 0 error(s), 0 left on base; Sun Prairie 0 - Lannister United 3
This league is powered by Out of the Park Baseball, the baseball management simulation game for PC, Mac and Linux
Friday, April 15th, 2016 - OOTP Baseball 16.9 Build 39